AoeStats
← mazenhassan23

Arabia

510623728Analyzed
1v1 RM · 18h ago on Oct 1, 2026· 24m 0s· 2 players
Game mode
Random Map
Map size
Tiny (2 player)
Population
200
Speed
Normal
Resources
Standard
Victory
Conquest
Starting age
Dark Age
Ending age
Imperial Age
RankedLock teamsTeams togetherTeam positionsShared explorationLock speedFull tech treeHidden civsTurbo modeCheats
Victory
Defeat
🇵🇹 Armenians · Portugal
375
+14
🇨🇦 Spanish · Canada
337
-14
mazenhassan23
13:00 Feudal Age
20:42 Man-at-Arms
wJesusRVzla
7:25 Loom
11:18 Feudal Age
12:01 Man-at-Arms
15:18 Scale Mail Armor
16:31 Forging
20:52 Long Swordsman
Connection lost

Rejoining the realm…

Still unreachable

The connection could not be restored.

Session expired

The server has moved on; the page needs a fresh start.